 Dungeon Crawl Stone Soup version 0.29-a0-824-gd827844252 (webtiles) character file.

Game seed: 16356388682116200657

70 lunkers the Chopper (level 4, -5/40 HPs)
             Began as a Meteoran Fighter on July 10, 2022.
             Killed by divine providence
             ... invoked by an orc priest
              (11 damage)
             ... on level 2 of the Dungeon.
             The game lasted 00:01:27 (574 turns).

lunkers the Chopper (Meteoran Fighter)               Turns: 574, Time: 00:01:27

Health: -5/40      AC:  6    Str: 17    XL:     4   Next: 72%
Magic:  5/5        EV:  9    Int: 18    God:
Gold:   107        SH:  5    Dex: 13    Spells: 3/3 levels left

rFire   . . .      SeeInvis .   a - +0 war axe
rCold   . . .      Faith    .   c - +0 buckler
rNeg    . . .      Spirit   .   b - +0 scale mail
rPois   .          Reflect  .   (no helmet)
rElec   .          Harm     .   (no cloak)
rCorr   .          Rampage  .   (no gloves)
Will    .....                   (no boots)
Stlth   ..........              (no amulet)
HPRegen 0.13/turn               f - +6 ring of intelligence
MPRegen 0.09/turn               (no ring)

@: glowing
A: sense surroundings 1, otherworldly, glowing, explore regen
a: no special abilities


You were on level 2 of the Dungeon.
You visited 1 branch of the dungeon, and saw 2 of its levels.

You collected 107 gold pieces.

Inventory:

Hand Weapons
 a - a +0 war axe (weapon)
Armour
 b - a +0 scale mail (worn)
 c - a +0 buckler (worn)
Jewellery
 f - a +6 ring of intelligence (left hand)
Scrolls
 e - a scroll of blinking {unknown}
 g - 3 scrolls of identify {unknown}
 k - 2 scrolls of vulnerability {unknown}
 o - a scroll of noise {unknown}
 p - a scroll of amnesia {unknown}
Potions
 d - a potion of might
 h - 2 potions of curing {unknown}
 i - a potion of resistance {unknown}
 j - a potion of lignification {unknown}
 l - a potion of cancellation {unknown}
 m - a potion of magic {unknown}
 n - a potion of haste {unknown}


   Skills:
 + Level 4.1 Fighting
 * Level 4.5 Axes
 - Level 3.6 Armour
 - Level 3.6 Shields


You had 3 spell levels left.
You didn't know any spells.
Your spell library contained the following spells:

 Spells                   Type           Power      Damage    Failure   Level
 Call Canine Familiar     Summ           0%         N/A       96%         3
 Portal Projectile        Hex/Tloc       0%         N/A       96%         3
 Leda's Liquefaction      Hex/Erth       0%         N/A       100%        4


Dungeon Overview and Level Annotations

Branches:
Dungeon (2/15) Zot: 591

Altars:
Dithmenos


Innate Abilities, Weirdness & Mutations

You passively map a small area around you.
You are easily found by Zot.
You glow in the dark.
You regain HP and MP as you explore.


Message History

The orc moves out of view.
The orc shouts!
An orc comes into view. It is wielding a +0 trident.
An orc priest comes into view. It is wielding a +0 club.
The orc priest shouts!
The orc priest moves out of view.
Found 7 stones.
The orc priest miscasts a cantrip.
Found a ring mail.
The orc barely misses you. The orc hits you with a +0 club.
You closely miss the orc. You hit the orc but do no damage. You hit the orc.
The orc hits you but does no damage. The orc hits you with a +0 club.
The orc hits you but does no damage.
The orc priest mumbles some strange prayers to Beogh against you.
Beogh smites you!
* * * LOW HITPOINT WARNING * * *
You slash the orc!
You kill the orc!
You closely miss the orc. You slash the orc!
You kill the orc!
The orc hits you with a +0 trident.
* * * LOW HITPOINT WARNING * * *
You barely miss the orc priest. You hit the orc.
The orc hits you but does no damage. The orc priest hits you with a +0 club.
* * * LOW HITPOINT WARNING * * *
You hit the orc priest.
The orc priest is moderately wounded.
You hit the orc. The orc hits you with a +0 trident.
* * * LOW HITPOINT WARNING * * *
The orc priest hits you but does no damage.
The orc priest calls down the wrath of Beogh upon you.
Beogh smites you!
* * * LOW HITPOINT WARNING * * *
The orc hits you but does no damage.
You barely miss the orc priest.
The orc priest is moderately wounded.
You hit the orc.
You kill the orc!
The orc priest invokes the aid of Beogh against you.
Beogh smites you!
You die...

....# ### , , ###.# #.. ..
#.#######.# , .#* * #.......#.#
*.#* * #######.#.## *.# ,#
#..#.####.##.##. #..<#
*#.###.##........ #.... #.##
##.......... #...# ##
#.##@).#.##, #...# # * #.#*#)o.#
#####...# # #.(,,......# . .....#
# #.. [........# #.#.#..# ####
##### #########.###.#.#... ...##
##...## ##...###..........#
....###.....###.....##.#####..###
.)...#.......#.......#.# #..#
.....#.......#.......#.# #..###


You could see an orc priest.

Vanquished Creatures
  4 adders (D:2)
  3 worms (D:2)
  3 orcs (D:2)
  An endoplasm (D:2)
  3 goblins (D:1)
  2 kobolds
  5 ball pythons
  3 bats
  3 frilled lizards
  A rat (D:1)
28 creatures vanquished.

Notes
Turn   | Place    | Note
-------+----------+-------------------------------------------
     0 | D:1      | lunkers the Meteoran Fighter began the quest for the Orb.
     0 | D:1      | Reached XP level 1. HP: 19/19 MP: 2/2
    11 | D:1      | Found a faded altar of an unknown god.
    36 | D:1      | Reached XP level 2. HP: 22/26 MP: 3/3
   230 | D:2      | Reached XP level 3. HP: 32/33 MP: 4/4
   345 | D:2      | Found a shadowy altar of Dithmenos.
   380 | D:2      | Reached XP level 4. HP: 23/40 MP: 5/5
   574 | D:2      | Killed from afar by an orc priest

Illustrated notes

Levels and vault maps discovered:
D:1:      dpeg_arrival_ternary, layout_rooms, hellmonk_ecumenical_altar_lost_god
D:2:      kennysheep_six_static_rooms, layout_loops_ring, basic_altar

Skill      XL: |  1  2  3  4 |
---------------+-------------+-----
Axes           | 3 4 |  4.5
Fighting       | 4 |  4.1
Armour         | |  3.6
Shields        | |  3.6

Action                   |  1- 3 |  4- 6 || total
-------------------------+-------+-------++-------
Melee: War axe           |    71 |    23 ||    94
Armor: Scale mail        |    41 |    13 ||    54
Dodge: Dodged            |    36 |     5 ||    41
Block: Buckler           |    14 |     2 ||    16

Table legend: (Time is in decaauts)
 A = Elapsed time spent in this place.
 B = Non-inter-level travel time spent in this place.
 C = Inter-level travel time spent in this place.
 D = Time resting spent in this place.
 E = Time spent auto-exploring this place.
 F = Levels seen in this place.
 G = Mean time per level.
                   A        B        C        D        E       F      G
               +--------+--------+--------+--------+--------+-----+--------+
         Total |    607 |    607 |      0 |      0 |    331 |   2 |  303.5 |
       Dungeon |    607 |    607 |      0 |      0 |    331 |   2 |  303.5 |
               +--------+--------+--------+--------+--------+-----+--------+

Top non-repeatable levels by time:
     D:2: 406 daAuts
     D:1: 200 daAuts
